 Dungeon Crawl Stone Soup version 0.31.0-11-ge490571c62 (webtiles) character file.

Game seed: 2357851781177807639

9 Skitler the Covert (level 2, -2/29 HPs)
             Began as a Gnoll Delver on Feb 3, 2024.
             Slain by a black bear (5 damage)
             ... on level 5 of the Dungeon.
             The game lasted 00:00:11 (31 turns).

Skitler the Covert (Gnoll Delver)                     Turns: 31, Time: 00:00:12

Health: -2/29      AC:  3    Str: 11    XL:     2   Next: 12%
Magic:  2/2        EV: 13    Int:  9    God:
Gold:   14         SH:  0    Dex: 13    Spells: 1/1 levels left

rFire   . . .        a - +0 hand axe
rCold   . . .        (no shield)
rNeg    . . .        b - +0 leather armour
rPois   .            (no helmet)
rElec   .            (no cloak)
rCorr   .            (no gloves)
SInv    .            (no boots)
Will    .....        (no amulet)
Stlth   ++++         (no ring)
HPRegen 0.24/turn    (no ring)
MPRegen 0.08/turn

%: no passive effects
@: hasted, very quick
A: fangs 1, strong nose, distributed training
a: no special abilities


You were on level 5 of the Dungeon.
You visited 1 branch of the dungeon, and saw 1 of its levels.

You collected 14 gold pieces.

Inventory:

Hand Weapons
 a - a +0 hand axe (weapon)
Armour
 b - a +0 leather armour (worn)
Wands
 g - a wand of digging (3)
Scrolls
 c - a scroll of fog
 d - a scroll of revelation
 e - a scroll of fear
 h - a scroll of enchant armour {unknown}


   Skills:
 + Level 6.4 Fighting
 + Level 0.3 Short Blades
 + Level 0.3 Long Blades
 + Level 4.4 Axes
 + Level 0.3 Maces & Flails
 + Level 0.3 Polearms
 + Level 0.3 Staves
 + Level 0.3 Ranged Weapons
 + Level 0.3 Throwing
 + Level 0.3 Armour
 + Level 4.4 Dodging
 + Level 9.5 Stealth
 + Level 0.3 Shields
 + Level 0.3 Unarmed Combat
 + Level 0.3 Spellcasting
 + Level 0.2 Conjurations
 + Level 0.2 Hexes
 + Level 0.2 Summonings
 + Level 0.2 Necromancy
 + Level 0.2 Translocations
 + Level 0.2 Fire Magic
 + Level 0.2 Ice Magic
 + Level 0.2 Air Magic
 + Level 0.2 Earth Magic
 + Level 0.2 Alchemy
 + Level 0.4 Invocations
 + Level 0.3 Evocations
 + Level 0.2 Shapeshifting


You had one spell level left.
You didn't know any spells.
Your spell library was empty.

Dungeon Overview and Level Annotations

Branches:
Dungeon (5/15)
 Temple: D:4-7

Altars:


Innate Abilities, Weirdness & Mutations

You have very sharp teeth.
Your uncanny sense of smell can sniff out nearby items.
Your experience applies equally to all skills.


Message History

You completely miss the adder. The adder bites you.
You barely miss the adder. The adder closely misses you.
You slash the black bear!
The black bear is moderately wounded.
You closely miss the adder. The adder misses you.
The black bear completely misses you. The black bear claws you.
The black bear misses you.
You hit the black bear but do no damage.
The black bear is moderately wounded.
You hit the adder. The adder barely misses you.
You hit the black bear.
The black bear is heavily wounded.
You closely miss the adder. The black bear barely misses you. x2
The black bear misses you. The adder closely misses you.
You hit the black bear.
The black bear is heavily wounded.
You hit the adder. The black bear closely misses you. The black bear claws you.
The black bear misses you. The adder completely misses you.
You hit the black bear but do no damage.
The black bear is heavily wounded.
You hit the adder.
You kill the adder!
The black bear misses you. The black bear claws you. x2
You have reached level 2!
Unknown command.
You hit the black bear but do no damage.
The black bear is heavily wounded.
You hit the black bear. You bite the black bear.
The black bear is severely wounded.
The black bear closely misses you. The black bear claws you. x2
You completely miss the black bear.
The black bear is severely wounded.
The black bear goes berserk!
You hit the black bear.
You bite the black bear, but do no damage.
The black bear is almost dead.
The black bear bites you!
* * * LOW HITPOINT WARNING * * *
The black bear claws you.
You die...

#..## #.>. ... #.#
#..###... ....######.#
#..#...##
....?......#####....###
....................##
#........#..........#
#..#....#..........#
#....h.#...........##
#..†@..............#
#....................#
............###.........
#...........# #.........
####...###......##......
...## ##...### #.....
.... ##.## ..... .... ..
..h


You could see a black bear (berserk).

Vanquished Creatures
  An adder (D:5)
1 creature vanquished.

Notes
Turn   | Place    | Note
-------+----------+-------------------------------------------
     0 | D:5      | Reached skill level 9 in Stealth
     0 | D:5      | Skitler the Gnoll Delver began the quest for the Orb.
     0 | D:5      | Reached XP level 1. HP: 23/23 MP: 1/1
    10 | D:5      | Noticed a hound
    16 | D:5      | Noticed a black bear
    28 | D:5      | Reached XP level 2. HP: 12/29 MP: 2/2
    31 | D:5      | Slain by a black bear

Illustrated notes

Levels and vault maps discovered:
D:5:      layout_layer_cave, nemelex_xobeh_ov_fountains_minmay,
          nicolae_concentric_dashed_squares_mild

Skill      XL: | |
---------------+-+-----
Stealth        | |  9.5
Fighting       | |  6.4
Short Blades   | |  0.3
Long Blades    | |  0.3
Axes           | |  4.4
Maces & Flails | |  0.3
Polearms       | |  0.3
Staves         | |  0.3
Ranged Weapons | |  0.3
Throwing       | |  0.3
Armour         | |  0.3
Dodging        | |  4.4
Shields        | |  0.3
Unarmed Combat | |  0.3
Spellcasting   | |  0.3
Conjurations   | |  0.2
Hexes          | |  0.2
Summonings     | |  0.2
Necromancy     | |  0.2
Translocations | |  0.2
Fire Magic     | |  0.2
Ice Magic      | |  0.2
Air Magic      | |  0.2
Earth Magic    | |  0.2
Alchemy        | |  0.2
Invocations    | |  0.4
Evocations     | |  0.3
Shapeshifting  | |  0.2

Action                     || total
---------------------------++-------
  Melee: Hand axe          ||    11
         Bite              ||     2
    Use: Potion            ||     1
 Armour: Leather armour    ||     9
  Dodge: Dodged            ||    15
